AoeStats
← VIT Liereyy

Arabian Desert

508880445Analyzed
1v1 RM · 8d ago on Sep 24, 2026· 60m 47s· 2 players
Game mode
Random Map
Map size
Tiny (2 player)
Population
200
Speed
Normal
Resources
Standard
Victory
Conquest
Starting age
Dark Age
Ending age
Imperial Age
RankedLock teamsTeams togetherTeam positionsShared explorationLock speedFull tech treeHidden civsTurbo modeCheats
Victory
Defeat
🇦🇹 Khitans · Austria
2902
+11
🇷🇴 Maya · Romania
2787
-11
TAG_Mihai06
0:25 Loom
8:47 Feudal Age
9:23 Double-Bit Axe
15:25 Town Watch
21:19 Castle Age
21:16 Fletching
21:58 Bodkin Arrow
21:43 Crossbowman
23:06 Padded Archer Armor
23:38 Horse Collar
25:04 Leather Archer Armor
30:13 Wheelbarrow
30:40 Ballistics
35:29 Imperial Age
33:11 Gold Mining
36:15 Bracer
37:20 Chemistry
37:33 Thumb Ring
42:55 Arbalester
45:46 Ring Archer Armor
VIT Liereyy
6:08 Loom
8:24 Feudal Age
11:32 Forging
15:16 Domestication
21:11 Castle Age
19:24 Double-Bit Axe
21:04 Scale Barding Armor
21:18 Light Cavalry
22:46 Iron Casting
27:46 Wheelbarrow
27:45 Bow Saw
29:12 Town Watch
30:10 Husbandry
31:39 Chain Barding Armor
36:16 Fletching
37:25 Bodkin Arrow
38:33 Guard Tower
40:09 Ballistics
42:49 Imperial Age
40:40 Padded Archer Armor
40:36 Elite Skirmisher
42:18 Leather Archer Armor
43:30 Bracer
44:31 Chemistry
44:36 Ring Archer Armor
47:48 Plate Barding Armor
52:00 Thumb Ring
53:47 Hand Cart
53:53 Hussar
55:02 Pastoralism
57:09 Siege Engineers
61:28 Masonry
Connection lost

Rejoining the realm…

Still unreachable

The connection could not be restored.

Session expired

The server has moved on; the page needs a fresh start.